Map: [ESL] Dragon Scales

Players

PiG - Winner!

  • Race: Terran Terran
  • League: Master
  • Spawn Location: 11:00

CoolGuy

  • Race: Protoss Protoss
  • League: Gold
  • Spawn Location: 5:00

VOD

https://www.youtube.com/playlist?list=PLOrKQEirgvjBrkg_LERyoNc_WYX2C2tgI

Description

Time

  • Played on: Aug. 15, 2023, 6:37 p.m.
  • Length: 10:14
Show
View Real Time Build Order
Export as new Build Order

PiG Terran - Winner!

Build Orders:  

Get SALT Encoding   

  12  0:00  SCV  
  13  0:12  SCV  
  14  0:17  Supply Depot  
  14  0:25  SCV  
  15  0:38  SCV  
  15  0:39  Barracks  
  16  0:44  Refinery  
  16  0:51  SCV  
  17  1:03  SCV  
  18  1:15  SCV  
  19  1:27  Barracks Reactor  
  19  1:28  Orbital Command  
  19  1:44  Command Center  
  19  1:56  SCV  
  19  1:59  Supply Depot  
  20  2:06  Marine x2  
  20  2:08  SCV  
  23  2:21  SCV  
  24  2:29  Factory  
  24  2:31  Refinery  
  24  2:33  SCV  
  24  2:34  Marine x2  
  27  2:45  SCV  
  28  2:54  Bunker  
  28  2:57  Marine x2  
  30  2:59  Orbital Command, SCV  
  31  3:12  SCV  
  32  3:14  Starport  
  32  3:17  Factory Tech Lab  
  32  3:18  Marine x2  
  34  3:24  SCV  
  35  3:29  SCV  
  36  3:36  SCV  
  36  3:39  Marine x2  
  36  3:40  Siege Tank  
  42  3:41  SCV  
  42  3:45  Supply Depot  
  42  3:47  Supply Depot  
  42  3:48  SCV  
  44  3:50  Viking  
  46  4:07  Marine x2, SCV x2  
  50  4:11  Supply Depot  
  50  4:13  Supply Depot  
  50  4:19  SCV x2  
  50  4:21  Starport Reactor  
  52  4:29  Factory Reactor  
  52  4:31  SCV  
  53  4:45  SCV x2  
  55  4:48  Marine  
  55  4:50  Stimpack  
  56  4:57  SCV x2  
  58  5:02  Barracks  
  58  5:03  Barracks  
  58  5:04  Barracks  
  58  5:06  Marine  
  59  5:07  Barracks  
  59  5:09  SCV  
  60  5:17  Starport Reactor  
  60  5:19  Factory Tech Lab  
  58  5:35  SCV  
  58  5:36  SCV  
  58  5:40  Marine  
  61  5:44  Supply Depot  
  61  5:45  Supply Depot  
  61  5:48  Refinery, SCV x2  
  61  5:49  Refinery  
  63  5:50  Engineering Bay  
  63  5:57  Marine  
  63  6:00  SCV  
  63  6:01  Barracks Tech Lab  
  65  6:11  Marine x6  
  66  6:13  Siege Tank  
  66  6:14  Medivac x2  
  66  6:16  Marauder  
  80  6:23  Combat Shield, Supply Depot  
  80  6:24  Supply Depot  
  80  6:27  Terran Infantry Weapons Level 1  
  80  6:29  Concussive Shells, Marine x6  
  86  6:37  Marauder  
  88  6:43  Marauder  
  88  6:46  Marine x3  
  94  6:47  Siege Tank  
  94  6:52  Medivac  
  98  6:56  Supply Depot x2  
  98  6:59  Marauder  
  100  7:04  Marine x6  
  100  7:05  Marauder  
  108  7:16  Medivac  
  108  7:18  Supply Depot  
  108  7:19  Siege Tank  
  108  7:20  Marauder  
  108  7:21  Marine, Supply Depot  
  108  7:22  Marine x5  
  121  7:25  Medivac  
  121  7:26  Marauder  
  125  7:39  Marine x3  
  125  7:41  Marauder, Supply Depot  
  130  7:45  Supply Depot  
  130  8:02  Marauder  
  130  8:03  Marauder, Marine x6  
  130  8:05  Supply Depot  
  140  8:08  Siege Tank, Supply Depot  
  142  8:21  Marine x4  
  142  8:24  Marauder x2  
  149  8:30  Marine x2  
  151  8:38  Marine  
  151  8:39  Marine x2  
  153  8:41  Viking x2  
  153  8:45  Marauder  
  153  8:46  Marauder  
  161  9:06  Marauder  
  161  9:07  Marauder  
Show
View Real Time Build Order
Export as new Build Order

CoolGuy Protoss 

Build Orders: Colossus Rush 

Get SALT Encoding   

  12  0:00  Probe  
  13  0:12  Probe  
  14  0:20  Pylon  
  14  0:25  Probe  
  15  0:38  Probe  
  15  0:40  Gateway  
  16  0:46  Assimilator  
  16  0:50  Probe  
  17  1:02  Probe  
  18  1:14  Probe  
  19  1:26  Probe  
  19  1:27  Cybernetics Core  
  19  1:31  Zealot  
  22  1:38  Probe  
  23  1:57  Pylon  
  23  2:02  Warp Gate (Chrono Boost)  
  23  2:15  Probe  
  24  2:17  Nexus  
  24  2:18  Assimilator  
  24  2:23  Stalker  
  24  2:27  Probe  
  27  2:38  Gateway  
  27  2:39  Probe  
  28  2:51  Probe  
  28  2:53  Robotics Facility  
  29  3:03  Probe  
  30  3:14  Twilight Council  
  30  3:15  Probe  
  30  3:16  Pylon  
  31  3:20  Pylon  
  31  3:28  Probe  
  31  3:29  Probe  
  33  3:35  Pylon  
  33  3:40  Probe  
  34  3:42  Observer (Chrono Boost)  
  34  3:43  Probe  
  34  3:45  Stalker  
  38  3:53  Robotics Bay  
  38  4:05  Stalker  
  38  4:09  Probe  
  42  4:10  Probe  
  42  4:15  Assimilator  
  42  4:19  Warp Prism  
  42  4:21  Probe  
  42  4:22  Probe  
  46  4:25  Blink (Chrono Boost)  
  46  4:34  Probe (Chrono Boost)  
  46  4:36  Probe (Chrono Boost)  
  49  4:46  Probe (Chrono Boost)  
  49  4:50  Probe (Chrono Boost)  
  49  4:52  Probe (Chrono Boost)  
  51  4:54  Colossus (Chrono Boost)  
  51  4:58  Probe (Chrono Boost)  
  58  5:02  Pylon  
  58  5:06  Probe (Chrono Boost)  
  60  5:07  Probe (Chrono Boost)  
  60  5:12  Probe  
  57  5:27  Probe x2  
  57  5:35  Stalker x2, Extended Thermal Lance (Chrono Boost)  
  61  5:39  Probe x2  
  63  5:50  Gateway  
  63  5:52  Gateway, Probe  
  63  5:53  Gateway, Probe  
  63  5:56  Pylon  
  65  6:05  Stalker x2  
  65  6:07  Colossus (Chrono Boost)  
  75  6:17  Probe x2  
  77  6:18  Assimilator  
  77  6:43  Nexus  
  77  6:45  Pylon  
  77  6:46  Stalker x3  
  83  6:53  Forge  
  83  6:56  Forge  
  83  6:57  Probe x2  
  85  7:13  Probe x2  
  85  7:15  Pylon  
  87  7:16  Pylon  
  87  7:19  Pylon  
  87  7:25  Probe x2  
  87  7:27  Protoss Ground Armor Level 1 (Chrono Boost), Protoss Ground Weapons Level 1 (Chrono Boost), Immortal  
  93  7:37  Probe  
  93  7:38  Probe  
  93  7:41  Stalker  
  93  7:43  Charge (Chrono Boost)  
  97  7:50  Probe x2  
  97  7:51  Assimilator  
  99  7:57  Shield Battery  
  99  7:59  Shield Battery  
  99  8:01  Pylon  
  99  8:02  Zealot, Probe x2  
  103  8:06  Probe  
  103  8:10  Assimilator  
  104  8:14  Probe  
  104  8:18  Templar Archives  
  105  8:20  Robotics Facility  
  105  8:22  Robotics Facility  
  105  8:27  Zealot x2  
  105  8:28  Zealot x2  
  113  8:35  Colossus (Chrono Boost)  
  113  8:41  Zealot  
  121  8:59  Stalker x4  
  87  9:29  Stalker x5  
  61  9:53  Stalker  
  61  9:54  Stalker x4  
Tags
 
Add a new tag
Caveats
  • Supply blocks, unpowered buildings, or Contaminate may cause inaccurate times.
  • Supply counts are checked every 10 seconds.